 Dungeon Crawl Stone Soup version 0.30-a0-359-gd0147acb1a (webtiles) character file.

Game seed: 2131520412211568597

100 Gismaildir the Shield-Bearer (level 4, -6/40 HPs)
             Began as a Minotaur Fighter on Nov 12, 2022.
             Killed by divine providence
             ... invoked by an orc priest
              (15 damage)
             ... on level 3 of the Dungeon.
             The game lasted 00:02:09 (1597 turns).

Gismaildir the Shield-Bearer (Minotaur Fighter)     Turns: 1597, Time: 00:02:10

Health: -6/40      AC: 13    Str: 22    XL:     4   Next: 47%
Magic:  3/3        EV: 10    Int:  5    God:
Gold:   104        SH:  4    Dex: 10    Spells: 3/3 levels left

rFire   . . .      SeeInvis .    a - +0 war axe
rCold   . . .      Faith    .    c - +0 buckler
rNeg    . . .      Spirit   .    b - +0 scale mail
rPois   .          Reflect  .    o - +2 hat
rElec   .          Harm     .    (no cloak)
rCorr   .          Rampage  .    (no gloves)
Will    .....                    (no boots)
Stlth   ..........               (no amulet)
HPRegen 0.26/turn                i - +4 ring of protection
MPRegen 0.08/turn                (no ring)

@: no status effects
A: horns 2, retaliatory headbutt
a: no special abilities


You were on level 3 of the Dungeon.
You visited 1 branch of the dungeon, and saw 3 of its levels.

You collected 104 gold pieces.

Inventory:

Hand Weapons
 a - a +0 war axe (weapon)
Missiles
 k - 2 throwing nets (quivered)
Armour
 b - a +0 scale mail (worn)
 c - a +0 buckler (worn)
 o - a +2 hat (worn)
Jewellery
 i - a +4 ring of protection (left hand)
Scrolls
 e - 2 scrolls of identify {unknown}
 f - 2 scrolls of silence {unknown}
 g - 3 scrolls of butterflies {unknown}
 j - 2 scrolls of enchant weapon {unknown}
 m - a scroll of vulnerability {unknown}
 n - a scroll of fear {unknown}
Potions
 d - a potion of might
 h - 3 potions of attraction {unknown}
 l - a potion of brilliance {unknown}


   Skills:
 + Level 4.2 Fighting
 + Level 3.3 Axes
 + Level 4.3 Armour
 + Level 1.7 Dodging
 + Level 4.3 Shields


You had 3 spell levels left.
You didn't know any spells.
Your spell library contained the following spells:

 Spells                   Type           Power      Damage    Failure   Level
 Magic Dart               Conj           0%         1d3       87%         1
 Call Imp                 Summ           0%         N/A       95%         2
 Call Canine Familiar     Summ           0%         N/A       99%         3
 Mephitic Cloud           Conj/Pois/Air  0%         N/A       99%         3
 Portal Projectile        Hex/Tloc       0%         N/A       99%         3
 Leda's Liquefaction      Hex/Erth       0%         N/A       100%        4


Dungeon Overview and Level Annotations

Branches:
Dungeon (3/15)

Altars:

Annotations:
D:3 Sigmund


Innate Abilities, Weirdness & Mutations

You have a pair of horns on your head.
You reflexively headbutt those who attack you in melee.


Message History

You now have 104 gold pieces (gained 3).
A jackal comes into view.
The jackal barks!
Found 11 gold pieces.
A jackal comes into view.
A frilled lizard comes into view.
The frilled lizard hisses angrily.
The jackal barks!
You hear a shout! x2
You slash the jackal!
You kill the jackal!
Found a scroll labelled TUCWEL HEDANO.
The jackal bites you but does no damage.
An orc comes into view. It is wielding a +0 mace.
You see here a jackal corpse.
You closely miss the jackal. The jackal barely misses you.
You furiously retaliate!
You headbutt the jackal, but do no damage.
An orc priest comes into view. It is wielding a +0 hand axe.
The jackal barely misses you. You furiously retaliate!
You headbutt the jackal!
You kill the jackal!
The orc priest shouts!
You slash the frilled lizard!
You kill the frilled lizard!
The orc priest invokes the aid of Beogh against you.
Beogh smites you!
An orc and an orc priest come into view.
The orc shouts!
You hear an angry hiss.
A ball python comes into view.
You see here a jackal corpse.
An orc wizard and an orc come into view.
The orc shouts!
The orc hits you but does no damage.
Sigmund the Dreaded comes into view.
He is wielding a +6 vorpal scythe and carrying a wand of quicksilver (3).
The orc priest mumbles some strange prayers to Beogh against you.
Beogh smites you!
* * * LOW HITPOINT WARNING * * *
The orc priest casts a cantrip, but nothing happens.
You see here a jackal corpse.
The orc priest calls down the wrath of Beogh upon you.
Beogh smites you!
You die...

#..#......# #
#.##........
###...........#
#....#...<.#..#
##..#####..##..)
#...# .... .#..
#.#.#### ..
##......#...
###...@.......
##.....†.......
.......o.......
...............
........So.....
...$...o.....##
...#...o......#
.......o.o.....
...........@...


You could see 2 orc priests, an orc wizard, 3 orcs and a ball python.

Vanquished Creatures
  A hound (D:3)
  An adder (D:2)
  2 worms
  A dart slug (D:1)
  3 bats
  3 endoplasms
  3 giant cockroaches
  7 goblins
  4 hobgoblins
  6 jackals
  A quokka (D:1)
  3 ball pythons
  4 frilled lizards
  4 kobolds
  10 rats
53 creatures vanquished.

Notes
Turn   | Place    | Note
-------+----------+-------------------------------------------
     0 | D:1      | Gismaildir the Minotaur Fighter began the quest for the
                  | Orb.
     0 | D:1      | Reached XP level 1. HP: 19/19 MP: 0/0
    60 | D:1      | Reached XP level 2. HP: 23/27 MP: 1/1
   295 | D:1      | Reached skill level 1 in Dodging
   321 | D:1      | Reached XP level 3. HP: 33/33 MP: 2/2
   375 | D:1      | Found a faded altar of an unknown god.
  1541 | D:3      | Reached XP level 4. HP: 40/40 MP: 3/3
  1595 | D:3      | Noticed Sigmund
  1597 | D:3      | Killed from afar by an orc priest

Illustrated notes

Levels and vault maps discovered:
D:1:      nzn_arrival_crosshair, layout_basic,
          chequers_ecumenical_altar_simple_redux, minmay_hedge_maze
D:2:      layout_loops_corners, minmay_door_square, minmay_ruptured
D:3:      layout_rooms, mainiacjoe_overflow_tiny_flanked,
          minmay_splitting_lines, uniq_sigmund, uniq_crazy_yiuf_cottage

Skill      XL: |  1  2  3 |
---------------+----------+-----
Dodging        | 1 |  1.7
Armour         | 4 |  4.3
Fighting       | 4 |  4.2
Shields        | 4 |  4.3
Axes           | 3 |  3.3

Action                   |  1- 3 |  4- 6 || total
-------------------------+-------+-------++-------
Melee: War axe           |   128 |     7 ||   135
       Headbutt          |    18 |     1 ||    19
Armor: Scale mail        |    78 |     2 ||    80
Dodge: Dodged            |    46 |     3 ||    49
Block: Buckler           |    29 |       ||    29

Table legend: (Time is in decaauts)
 A = Elapsed time spent in this place.
 B = Non-inter-level travel time spent in this place.
 C = Inter-level travel time spent in this place.
 D = Time resting spent in this place.
 E = Time spent auto-exploring this place.
 F = Levels seen in this place.
 G = Mean time per level.
                   A        B        C        D        E       F      G
               +--------+--------+--------+--------+--------+-----+--------+
         Total |   1649 |   1613 |     36 |      0 |   1277 |   3 |  549.7 |
       Dungeon |   1649 |   1613 |     36 |      0 |   1277 |   3 |  549.7 |
               +--------+--------+--------+--------+--------+-----+--------+

Top non-repeatable levels by time:
     D:2: 947 daAuts
     D:1: 627 daAuts
     D:3: 75 daAuts
